 Dungeon Crawl Stone Soup version 0.19-a0-1654-g9d3f708 (webtiles) character file.

287 Amnesiac the Charlatan (level 6, 0/43 HPs)
             Began as a Mummy Artificer on Sept 20, 2016.
             Killed by divine providence
             ... invoked by an orc priest
              (14 damage)
             ... on level 3 of the Dungeon.
             The game lasted 00:07:03 (2541 turns).

Amnesiac the Charlatan (Mummy Artificer)            Turns: 2541, Time: 00:07:04

Health: 0/43       AC:  9    Str: 15    XL:     6   Next: 8%
Magic:  10/10      EV:  6    Int: 11    God:
Gold:   49         SH:  0    Dex: 14    Spells: 0 memorised, 5 levels left

rFire  x . .     SeeInvis .     i - +0 long sword
rCold  + . .     Gourm    .     m - +0 chain mail
rNeg   + + +     Faith    .     (no shield)
rPois  ∞         Spirit   .     l - +0 helmet
rElec  .         Dismiss  .     (no cloak)
rCorr  .         Reflect  .     (no gloves)
MR     .....     Harm     .     (no boots)
Stlth  ..........               (no amulet)
                                (no ring)
                                (no ring)

@: no status effects
A: no food or potions, fire vulnerability, cold resistance 1, negative energy
resistance 3, torment resistance, unbreathing
a: no special abilities


You were on level 3 of the Dungeon.
You were not hungry.

You visited 1 branch of the dungeon, and saw 4 of its levels.

You collected 49 gold pieces.

Inventory:

Hand Weapons
 a - a +0 short sword
 f - a +1 dagger of freezing
 i - a +0 long sword (weapon)
 k - a +2 vampiric whip
Armour
 b - a +0 leather armour
 l - a +0 helmet (worn)
 m - a +0 chain mail (worn)
Wands
 c - a wand of flame (6/48)
 d - a wand of enslavement (15/24)
 e - a wand of random effects (13/48)
Scrolls
 g - 3 scrolls of remove curse
 h - a scroll of teleportation {unknown}
 j - a scroll of blinking {unknown}


   Skills:
 - Level 1.0 Fighting
 - Level 1.0(1.2) Short Blades
 - Level 1.0(1.1) Long Blades
 - Level 1.5 Dodging
 - Level 0.7 Stealth
 + Level 5.5 Evocations


You had 5 spell levels left.
You didn't know any spells.

Dungeon Overview and Level Annotations

Branches:
Dungeon (4/15)
 Temple: D:4-7

Altars:
Ashenzari

Annotations:
D:3 Grinder
D:4 exclusions: ogre and 2 slaves


Innate Abilities, Weirdness & Mutations

You do not eat or drink.
Your flesh is vulnerable to fire.
You are immune to poison.
Your flesh is cold resistant. (rC+)
You are immune to negative energy. (rN+++)
You are immune to unholy pain and torment.
You can survive without breathing.


Message History

The orc is heavily wounded.
The orc hits you with a falchion. The orc hits you but does no damage. x3
You closely miss the orc. The orc hits you but does no damage.
The orc hits you with a hand axe of freezing.
You closely miss the orc. The orc hits you but does no damage.
The orc hits you with a hand axe of freezing.
Grinder shouts!
You hit the orc but do no damage. The orc barely misses you.
The orc hits you but does no damage. Grinder gestures at you.
You are unaffected.
Grinder hits you! The orc hits you but does no damage.
The orc priest invokes the aid of Beogh against you.
Beogh smites you!
You see here a club.
Grinder gestures at you. You resist with some effort.
The orc priest mumbles some strange prayers to Beogh against you.
Beogh smites you!
You die...

..#.#...#.#o#.....##.......#+****
..#........o'......+.........,,,,
!.#...#.#.###.....##.........,,,,
..+...+..o.S#.....##........,,,,,
)##...##..#.#.....#*.......,,,,,,
......##..#o#.....#*.......,,,,,,
......###.#.#.....#*,,,,,,,,,,,,,
......# #.oS#####.#********,,,,,,
......###..o.o5)@.# *,<,,,,
........#..#####..#**************
######......# #.....,,,,,,,,,*
*****#....#.#**#.......,,,,,,,*
,,,...........,.........,,,,,,*
,,###....###.####.......,,,,,,*
*,**#.#+##**..#,........,,,,,,*
,,,,..,,,,,,#...,......#*******
,,*###,,,,,,*...,,,,,,,*


You could see Grinder, an orc priest, an adder and 2 orcs.

Vanquished Creatures
  An ogre (D:4)
  A jelly (D:4)
  An orc priest (D:4)
  An orc wizard (D:4)
  Natasha (D:4)
  A hound skeleton (D:4)
  Robin (D:4)
  3 adders (D:3)
  An adder skeleton (D:4)
  A dart slug (D:3)
  6 orcs
  A giant cockroach (D:4)
  5 goblins (D:4)
  5 hobgoblins
  2 jackals
  2 quokkas
  A ball python (D:2)
  A bat (D:3)
  3 kobolds
  A leopard gecko skeleton (D:4)
  2 rats (D:3)
41 creatures vanquished.

Notes
Turn   | Place    | Note
-------+----------+-------------------------------------------
     0 | D:1      | Amnesiac the Mummy Artificer began the quest for the Orb.
     0 | D:1      | Reached XP level 1. HP: 15/15 MP: 2/2
    12 | D:1      | Found a shattered altar of Ashenzari.
    58 | D:3      | Found a faded altar of an unknown god.
    73 | D:3      | Reached skill level 1 in Short Blades
   350 | D:3      | Reached XP level 2. HP: 19/21 MP: 4/4
   389 | D:3      | Reached skill level 1 in Long Blades
   535 | D:4      | Reached skill level 3 in Evocations
   535 | D:4      | Reached XP level 3. HP: 18/26 MP: 5/5
   807 | D:4      | Noticed an ogre
   810 | D:4      | Killed an ogre
   810 | D:4      | Reached skill level 4 in Evocations
   810 | D:4      | Reached XP level 4. HP: 32/32 MP: 5/7
   810 | D:4      | Reached XP level 5. HP: 37/37 MP: 5/8
   887 | D:4      | Noticed Natasha
   891 | D:4      | Killed Natasha
   926 | D:4      | Noticed Grinder
  1719 | D:4      | Noticed a slave
  1719 | D:4      | Noticed a slave
  1734 | D:4      | Reached skill level 5 in Evocations
  1962 | D:4      | Noticed an ogre
  2062 | D:4      | Noticed Robin
  2091 | D:4      | Killed Robin
  2348 | D:3      | Reached XP level 6. HP: 32/43 MP: 10/10
  2541 | D:3      | Killed from afar by an orc priest

Vault maps used:
D:1:      mrwooster_arrival_arrow, supply_closet_lemuel, ashenzari_altar_1
D:3:      ecumenical_altar_2, first_bread
D:4:      grunt_temple_overflow_magic_moments, uniq_natasha, uniq_pikel,
          uniq_grinder, uniq_robin

Skill      XL: |  1  2  3  4  5 |
---------------+----------------+-----
Short Blades   | 1 |  1.0
Long Blades    | 1 |  1.0
Evocations     | 3 4 5 |  5.5
Fighting       | |  1.0
Dodging        | |  1.5
Stealth        | |  0.7

Action                   |  1- 3 |  4- 6 || total
-------------------------+-------+-------++-------
Melee: Long sword        |    36 |   134 ||   170
       Short sword       |     9 |       ||     9
       Whip              |       |    23 ||    23
Evoke: Wand              |     4 |     7 ||    11
  Use: Scroll            |     2 |       ||     2
 Stab: Sleeping          |     1 |       ||     1
Armor: Leather armour    |     5 |    19 ||    24
       Chain mail        |       |    19 ||    19
Dodge: Dodged            |    24 |   103 ||   127
